AoeStats
← the-bud

Enclosed

504409734Analyzed
1v1 RM · 28d ago on Sep 5, 2026· 23m 2s· 2 players
Game mode
Random Map
Map size
Tiny (2 player)
Population
200
Speed
Normal
Resources
Standard
Victory
Conquest
Starting age
Dark Age
Ending age
Imperial Age
RankedLock teamsTeams togetherTeam positionsShared explorationLock speedFull tech treeHidden civsTurbo modeCheats
Victory
Defeat
🇨🇦 Hindustanis · Canada
804
+18
🇨🇳 Spanish · China
838
-18
the-bud
8:46 Loom
10:34 Feudal Age
13:59 Horse Collar
16:48 Castle Age
15:44 Double-Bit Axe
18:24 Bow Saw
18:19 Gold Mining
20:04 Scale Mail Armor
21:54 Heavy Plow
ccya
8:29 Loom
11:59 Feudal Age
17:00 Castle Age
16:04 Wheelbarrow
15:15 Town Watch
15:18 Double-Bit Axe
15:27 Horse Collar
18:25 Heavy Plow
18:30 Padded Archer Armor
18:42 Bloodlines
Connection lost

Rejoining the realm…

Still unreachable

The connection could not be restored.

Session expired

The server has moved on; the page needs a fresh start.